 Dungeon Crawl Stone Soup version 0.19.5 (webtiles) character file.

15119 Zhenya24pyc the Basher (level 12, -1/78 HPs)
             Began as a Gargoyle Fighter on May 4, 2017.
             Was a High Priest of Okawaru.
             Killed by divine providence
             ... invoked by an orc priest
              (11 damage)
             ... on level 12 of the Dungeon.
             The game lasted 00:30:39 (13387 turns).

Zhenya24pyc the Basher (Gargoyle Fighter)          Turns: 13387, Time: 00:30:41

Health: -1/78      AC: 25    Str: 28    XL:     12   Next: 23%
Magic:  13/14      EV: 17    Int:  3    God:    Okawaru [*****.]
Gold:   393        SH: 16    Dex: 12    Spells: 0 memorised, 11 levels left

rFire  . . .     SeeInvis .     a - +1 flail
rCold  . . .     Gourm    .     b - +0 scale mail
rNeg   + . .     Faith    .     c - +0 shield
rPois  ∞         Spirit   .     (no helmet)
rElec  +         Reflect  +     (no cloak)
rCorr  .         Harm     .     o - +0 pair of gloves
MR     .....                    P - +1 pair of boots
Stlth  +.........               H - +2 amulet of reflection
                                q - +1 ring of evasion
                                I - ring of the Saviour {*Corrode AC+2 Str+3 Int-5 Dex+6}

@: heroism
A: rugged brown scales 1, clumsy 2, negative energy resistance 1, electricity
resistance, unbreathing, petrification resistance, rot immunity, MP-powered
wands, AC +8
a: Heroism, Finesse, Renounce Religion


You were on level 12 of the Dungeon.
You worshipped Okawaru.
Okawaru was extremely pleased with you.
You were hungry.

You visited 1 branch of the dungeon, and saw 12 of its levels.

You collected 670 gold pieces.
You spent 277 gold pieces at shops.

Inventory:

Hand Weapons
 a - a +1 flail (weapon)
Armour
 b - a +0 scale mail (worn)
 c - a +0 shield (worn)
 o - a +0 pair of gloves (worn)
 P - a +1 pair of boots (worn)
Jewellery
 q - a +1 ring of evasion (right hand)
 H - a +2 amulet of reflection (around neck)
 I - the ring of the Saviour (left hand) {*Corrode AC+2 Str+3 Int-5 Dex+6}
   (You bought it in a shop on level 9 of the Dungeon)

   [ring of protection]

   It affects your AC (+2).
   It affects your strength (+3).
   It affects your intelligence (-5).
   It affects your dexterity (+6).
   It may corrode you when you take damage.
Wands
 j - a wand of acid (5/15)
 r - a wand of flame (42/48)
 s - a wand of disintegration (11/24)
 u - a wand of flame (18/48)
 v - a wand of enslavement (8/24)
 J - a wand of acid (6/15)
 L - a wand of acid (6/15)
 M - a wand of confusion (17/48)
 N - a wand of disintegration (24/24)
Scrolls
 d - a scroll of vulnerability {unknown}
 e - 4 scrolls of remove curse
 g - a scroll of magic mapping
 h - 4 scrolls of teleportation
 k - 2 scrolls of enchant armour
 n - 2 scrolls of fear
 t - 2 scrolls of blinking
 x - 2 scrolls of recharging
 C - 2 scrolls of enchant weapon
Potions
 i - 4 potions of heal wounds {unknown}
 l - 2 potions of cure mutation
 w - a potion of ambrosia
 B - 2 potions of haste
 D - a potion of resistance
 E - 2 potions of agility
 G - a potion of berserk rage
Comestibles
 f - 6 bread rations
 p - 28 fruits
 A - 4 meat rations


   Skills:
 + Level 9.3(14.3) Fighting
 * Level 11.7(16.7) Maces & Flails
 + Level 9.1(14.1) Armour
 + Level 6.4(11.4) Dodging
 + Level 9.0(14.0) Shields
 - Level 3.2 Invocations


You had 11 spell levels left.
You didn't know any spells.

Dungeon Overview and Level Annotations

Branches:
Dungeon (12/15)            Temple (0/1) D:7            Lair (0/6) D:9
    Orc: D:9-12

Altars:
Cheibriados
Elyvilon
Gozag
Kikubaaqudgha
Makhleb
Nemelex Xobeh
Okawaru
Qazlal
Sif Muna
Trog
Vehumet
Yredelemnul

Shops:
D:7 :}   D:9 =   D:11 ?

Annotations:
D:7 Koyaah's ghost, novice TrBe
D:8 snowfan's ghost, novice DEFE


Innate Abilities, Weirdness & Mutations

You are resistant to torment.
Your stone body is resilient. (AC +8)
You are immune to poison.
You resist negative energy. (rN+)
You are resistant to electric shocks. (rElec)
You can survive without breathing.
You are immune to petrification.
You are immune to rotting.
You are partially covered in rugged brown scales. (AC +1, +3% HP)
You are very clumsy. (Dex -4)
You expend magic power (3 MP) to strengthen your wands.


Message History

The vampire casts a spell.
The vampire flickers and vanishes!
Deactivating autopickup; reactivate with Ctrl-A.
You sock the orc!
You kill the orc!
Okawaru accepts your kill. The orc misses you.
You block the orc priest's attack.
Things that are here:
a dagger of freezing; an orc corpse You closely miss the orc.
You block the orc's attack.
You closely miss the orc.
The orc priest hits you but does no damage.
You block the orc's attack.
You hit the orc.
The orc is heavily wounded.
The orc priest casts a cantrip, but nothing happens.
You block the orc's attack.
The orc priest calls down the wrath of Beogh upon you.
Beogh smites you!
You die...

#.#.. #.#. #...
#.......... #..
......## #.#
#...... #.#
#..... #.#
#...###+#### #@#
#...#.......
#o###.o.#)......
#oo..o..'.......
#{......#....##.
#.......#....#
#.#####.#....#
#.#####.#....#
#.......+....#
#.......#....#


You could see 2 orc priests and an orc.

Vanquished Creatures
  The ghost of Monsterracer the Cleaver, a journeyman DDFi of Makhleb (D:10)
  A hydra (D:11)
  An unseen horror (D:10)
  A flayed ghost (D:10)
  3 hill giants
  An ugly thing (D:12)
  A centaur zombie (D:9)
  A cyclops (D:11)
  A gargoyle (D:12)
  2 rime drakes (D:11)
  The ghost of Frank the Cudgeler, a novice GrFi (D:5)
  A hornet (D:11)
  A hippogriff (D:10)
  Sigmund (D:3)
  2 shadows (D:10)
  3 fire bats (D:10)
  3 wraiths (D:10)
  3 vampire mosquitoes (D:10)
  Menkaure (D:5)
  2 hell hounds (D:9)
  2 ice beasts
  A black bear (D:9)
  5 sky beasts
  4 orc warriors
  3 ogres
  2 necrophages
  A phantom (D:10)
  3 centaurs
  The ghost of Zhenya24pyc the Cudgeler, an amateur GrFi (D:3)
  3 big kobolds
  A wyvern zombie (D:8)
  5 bullfrogs
  A wyvern skeleton (D:8)
  4 scorpions
  29 killer bees
  12 wights
  6 howler monkeys
  6 crimson imps
  2 quasits
  3 jellies
  4 orc priests
  11 hounds
  3 bullfrog skeletons
  6 orc wizards
  9 iguanas
  11 worker ants
  Natasha (thrice) (D:3)
  6 gnolls
  A howler monkey skeleton (D:9)
  9 adders
  7 shadow imps
  An ooze (D:2)
  An adder skeleton (D:4)
  2 worms
  A dart slug (D:1)
  4 leopard geckos
  37 orcs
  2 giant cockroaches
  12 goblins
  5 hobgoblins
  13 jackals
  6 quokkas
  4 ball pythons
  16 bats
  4 frilled lizards
  3 jackal skeletons
  19 kobolds
  A leopard gecko skeleton (D:9)
  5 rats
331 creatures vanquished.

Vanquished Creatures (others)
  An orc warrior (D:7)
  An orc (D:7)
2 creatures vanquished.

Grand Total: 333 creatures vanquished

Notes
Turn   | Place    | Note
-------+----------+-------------------------------------------
     0 | D:1      | Zhenya24pyc the Gargoyle Fighter began the quest for the Orb.
     0 | D:1      | Reached XP level 1. HP: 14/14 MP: 1/1
   311 | D:1      | Reached XP level 2. HP: 19/19 MP: 2/2
   549 | D:1      | Reached skill level 3 in Maces & Flails
   867 | D:2      | Reached XP level 3. HP: 19/23 MP: 3/3
  1200 | D:2      | Reached skill level 4 in Maces & Flails
  1255 | D:2      | Found a bloodstained altar of Trog.
  1329 | D:2      | Reached XP level 4. HP: 28/28 MP: 4/4
  1419 | D:3      | Noticed Natasha
  1425 | D:3      | Killed Natasha
  1475 | D:3      | Noticed Natasha
  1478 | D:3      | Killed Natasha
  1585 | D:3      | Noticed Sigmund
  1663 | D:3      | Reached skill level 5 in Maces & Flails
  1687 | D:3      | Reached XP level 5. HP: 32/32 MP: 5/5
  1773 | D:3      | Noticed Zhenya24pyc's ghost (amateur GrFi)
  1786 | D:3      | Killed Zhenya24pyc's ghost
  2356 | D:3      | Noticed Natasha
  2364 | D:3      | Killed Natasha
  2364 | D:3      | Reached skill level 1 in Dodging
  2364 | D:3      | Reached XP level 6. HP: 22/37 MP: 6/6
  2834 | D:3      | Killed Sigmund
  2939 | D:4      | Reached skill level 6 in Maces & Flails
  2939 | D:4      | Reached XP level 7. HP: 39/43 MP: 7/7
  3528 | D:5      | Entered Level 5 of the Dungeon
  3717 | D:5      | Reached XP level 8. HP: 36/48 MP: 8/8
  3724 | D:5      | Noticed Frank's ghost (novice GrFi)
  4058 | D:5      | Noticed Menkaure
  4075 | D:5      | Killed Menkaure
  4075 | D:5      | Reached skill level 5 in Armour
  4166 | D:5      | Reached skill level 5 in Fighting
  4239 | D:5      | Killed Frank's ghost
  4239 | D:5      | Reached skill level 7 in Maces & Flails
  4239 | D:5      | Reached skill level 5 in Shields
  4476 | D:5      | Found a burning altar of Makhleb.
  4606 | D:5      | Found a sparkling altar of Nemelex Xobeh.
  5067 | D:6      | Found a snail-covered altar of Cheibriados.
  5112 | D:6      | Found an iron altar of Okawaru.
  5119 | D:6      | Became a worshipper of Warmaster Okawaru
  5450 | D:5      | Reached XP level 9. HP: 51/55 MP: 9/9
  5587 | D:6      | Found a radiant altar of Vehumet.
  5909 | D:6      | Reached skill level 8 in Maces & Flails
  5923 | D:6      | Gained mutation: You are clumsy. (Dex -2) [mutagenic meat]
  5924 | D:6      | Gained mutation: You expend magic power (3 MP) to strengthen your wands. [mutagenic meat]
  5925 | D:6      | Gained mutation: You are robust. (+10% HP) [mutagenic meat]
  5926 | D:6      | Gained mutation: You are partially covered in rugged brown scales. (AC +1, +3% HP) [mutagenic meat]
  6155 | D:7      | Noticed Koyaah's ghost (novice TrBe)
  6458 | D:7      | Found Ciots's Gadget Emporium.
  6517 | D:7      | Found a basalt altar of Yredelemnul.
  6581 | D:7      | Found a staircase to the Ecumenical Temple.
  6729 | D:7      | Reached * piety under Okawaru
  6897 | D:7      | Found Kohuuxut's Book Emporium.
  6938 | D:7      | Found a deep blue altar of Sif Muna.
  7096 | D:8      | Noticed snowfan's ghost (novice DEFE)
  7873 | D:8      | Reached skill level 1 in Invocations
  7945 | D:7      | Reached skill level 9 in Maces & Flails
  8062 | D:7      | Reached XP level 10. HP: 42/68 MP: 9/11
  8620 | D:8      | Found a sparkling altar of Nemelex Xobeh.
  8622 | D:8      | Found an opulent altar of Gozag.
  8806 | D:9      | Reached ** piety under Okawaru
  8824 | D:9      | Found a staircase to the Lair.
  9101 | D:9      | Found Ocaakes's Jewellery Shop.
  9143 | D:9      | Bought the ring of the Saviour {*Corrode AC+2 Str+3 Int-5 Dex+6} for 277 gold pieces
  9823 | D:10     | Entered Level 10 of the Dungeon
  9842 | D:10     | Noticed Monsterracer's ghost (journeyman DDFi)
  9845 | D:10     | Noticed a hill giant
  9892 | D:10     | Killed Monsterracer's ghost
  9892 | D:10     | Reached *** piety under Okawaru
  9892 | D:10     | Reached skill level 5 in Dodging
  9900 | D:10     | Killed a hill giant
  9900 | D:10     | Reached skill level 10 in Maces & Flails
  9900 | D:10     | Reached XP level 11. HP: 24/76 MP: 11/13
 10673 | D:10     | Reached **** piety under Okawaru
 11148 | D:10     | Noticed a hill giant
 11164 | D:10     | Killed a hill giant
 11250 | D:10     | Found an ancient bone altar of Kikubaaqudgha.
 11388 | D:10     | Killed an unseen horror
 11388 | D:10     | Reached ***** piety under Okawaru
 11728 | D:10     | Found an ancient bone altar of Kikubaaqudgha.
 11731 | D:10     | Found a burning altar of Makhleb.
 11732 | D:10     | Found a runed door.
 11780 | D:10     | Found a white marble altar of Elyvilon.
 11788 | D:10     | Found an iron altar of Okawaru.
 11799 | D:10     | Found a stormy altar of Qazlal.
 11843 | D:10     | Noticed a flayed ghost
 11863 | D:10     | Killed a flayed ghost
 11863 | D:10     | Reached skill level 11 in Maces & Flails
 12288 | D:11     | Noticed a six-headed hydra
 12303 | D:11     | Killed a six-headed hydra
 12382 | D:11     | Identified the Grimoire of Igneous Shape Shifting
 12437 | D:11     | Noticed a cyclops
 12451 | D:11     | Killed a cyclops
 12617 | D:11     | Found Ethe's Magic Scroll Boutique.
 12706 | D:11     | Reached XP level 12. HP: 52/85 MP: 14/14
 12792 | D:11     | Lost mutation: You are robust. (+10% HP) [mutagenic meat]
 12793 | D:11     | Gained mutation: You are very clumsy. (Dex -4) [mutagenic meat]
 12875 | D:11     | Found a frozen archway.
 13387 | D:12     | Killed from afar by an orc priest

Skill      XL: |  1  2  3  4  5  6  7  8  9 10 11 12 |
---------------+-------------------------------------+-----
Maces & Flails | 3 4 5 6 7 9 10 11 | 11.7
Dodging        | 1 2 3 4 5 6 |  6.4
Armour         | 4 5 6 7 8 9 |  9.1
Fighting       | 4 5 6 7 9 |  9.3
Shields        | 4 5 6 7 8 9 |  9.0
Invocations    | 1 3 |  3.2

Action                   |  1- 3 |  4- 6 |  7- 9 | 10-12 || total
-------------------------+-------+-------+-------+-------++-------
Melee: Flail             |   150 |   128 |   686 |  1031 ||  1995
Invok: Heroism           |       |       |     1 |    10 ||    11
  Use: Scroll            |       |       |    17 |     9 ||    26
       Potion            |       |       |       |     4 ||     4
 Stab: Distracted        |       |       |     1 |       ||     1
  Eat: Chunk             |     1 |     2 |    18 |    19 ||    40
       Meat ration       |       |     1 |       |       ||     1
       Royal jelly       |       |       |     1 |       ||     1
       Beef jerky        |       |       |       |     1 ||     1
Armor: Scale mail        |    93 |    54 |   358 |   405 ||   910
Dodge: Dodged            |    41 |    46 |   217 |   438 ||   742
Block: Shield            |    87 |    67 |   358 |   753 ||  1265
       Reflection        |       |       |       |     9 ||     9
